 Dungeon Crawl Stone Soup version 0.23.1 (webtiles) character file.

Game seed: 2202339303502185745

3642 Borgoz the Cutter (level 10, -3/84 HPs)
             Began as a Ghoul Assassin on Mar 7, 2019.
             Was a Follower of Ashenzari.
             Slain by an orc warrior
             ... wielding a +0 glaive
              (13 damage)
             ... on level 8 of the Dungeon.
             The game lasted 00:21:15 (8488 turns).

Borgoz the Cutter (Ghoul Assassin)                  Turns: 8488, Time: 00:21:15

Health: -3/84      AC: 13    Str: 21    XL:     10   Next: 12%
Magic:  0/22       EV: 13    Int:  7    God:    Ashenzari [*.....]
Gold:   523        SH:  0    Dex: 12    Spells: 9/15 levels left

rFire    . . .     SeeInvis .   j - +2 dagger (venom) (curse)
rCold    + . .     Gourm    .   (no shield)
rNeg     + + +     Faith    .   u - +0 ring mail
rPois    ∞         Spirit   +   N - +2 hat
rElec    .         Reflect  .   h - +0 cloak (curse)
rCorr    .         Harm     .   B - +2 pair of gloves (curse)
MR       .....                  E - +0 pair of boots
Stlth    ++........             A - amulet of guardian spirit
HPRegen  0.00/turn              I - ring "Asmutuuch" {+Fly Str+5} (curse)
MPRegen  0.18/turn              w - ring of magical power

@: rotting
A: rotting body, claws 1, carnivore, cold resistance 1, negative energy
resistance 3, inhibited regeneration, torment resistance, unbreathing
a: Curse Item, Scrying, Renounce Religion, Evoke Flight


You were on level 8 of the Dungeon.
You worshipped Ashenzari.
Ashenzari was aware of your devotion.
You were not hungry.

You visited 2 branches of the dungeon, and saw 9 of its levels.
You also visited: Sewer and Ossuary.

You collected 565 gold pieces.
You spent 42 gold pieces at shops.

Inventory:

Hand Weapons
 j - a cursed +2 dagger of venom (weapon)
 H - a +2 vampiric dagger
Missiles
 e - 44 poisoned needles
 f - 2 curare-tipped needles
 q - 2 needles of confusion
 C - a throwing net (quivered)
Armour
 h - a cursed +0 cloak (worn)
 r - a +0 scale mail
 u - a +0 ring mail (worn)
 B - a cursed +2 pair of gloves (worn)
 E - a +0 pair of boots (worn)
 N - a +2 hat (worn)
Jewellery
 k - an uncursed ring of protection from cold
 o - an uncursed ring of flight
 w - a ring of magical power (right hand)
 A - an amulet of guardian spirit (around neck)
 I - the cursed ring "Asmutuuch" (left hand) {+Fly Str+5}
   (You found it on level 6 of the Dungeon)

   [ring of flight]

   It affects your strength (+5).
   It lets you fly.
   It has a curse placed upon it.
 J - an uncursed ring of protection from cold
 M - a +5 amulet of reflection
Wands
 i - a wand of scattershot (9)
 v - a wand of paralysis (10)
 x - a wand of acid (5)
 y - a wand of disintegration (9)
 D - a wand of polymorph (11)
Scrolls
 a - a scroll of blinking
 l - 3 scrolls of enchant armour
 m - 2 scrolls of immolation {unknown}
 n - 2 scrolls of magic mapping
 p - a scroll of fog {unknown}
 s - 7 scrolls of remove curse
 t - 7 scrolls of teleportation
 F - 4 scrolls of amnesia
 G - 3 scrolls of identify
Potions
 b - 2 potions of magic
 c - 9 potions of curing
 d - a potion of cancellation {unknown}
 z - 2 potions of resistance
 K - a potion of heal wounds {unknown}
 L - a potion of haste {unknown}
 O - a potion of brilliance {unknown}
 P - a potion of flight {unknown}
 Q - a potion of degeneration {unknown}
Comestibles
 g - 16 rations
 R - a chunk of flesh


   Skills:
 + Level 6.8 Fighting
 + Level 6.9 Short Blades
 - Level 1.7 Throwing
 + Level 5.2 Armour
 + Level 5.3 Dodging
 + Level 5.4 Stealth
 + Level 3.2 Spellcasting
 + Level 4.1 Necromancy


You had 9 spell levels left.
You knew the following spells:

 Your Spells              Type           Power        Failure   Level  Hunger
a - Regeneration          Chrm/Necr      #.........   56%         3    ####...
b - Vampiric Draining     Necr           #.........   28%         3    ####...

Your spell library contained the following spells:

 Spells                   Type           Power        Failure   Level  Hunger
 Animate Skeleton         Necr           N/A          10%         1    ##.....
 Pain                     Necr           #...         10%         1    ##.....
 Animate Dead             Necr           N/A          67%         4    #####..


Dungeon Overview and Level Annotations

Branches:
Dungeon (8/15)             Temple (1/1) D:6
   Lair: D:8-11

Altars:
Ashenzari
Cheibriados
Dithmenos
Elyvilon
Fedhas
Gozag
Hepliaklqana
Kikubaaqudgha
Makhleb
Nemelex Xobeh
Okawaru
Qazlal
Ru
Sif Muna
Trog
Uskayaw
Wu Jian
Yredelemnul
Zin
The Shining One
Beogh

Shops:
D:6 *


Innate Abilities, Weirdness & Mutations

Your body is rotting away.
You thrive on raw meat.
You are immune to poison.
You have sharp fingernails.
You are carnivorous and can eat meat at any time.
Your flesh is cold resistant. (rC+)
You are immune to negative energy. (rN+++)
You do not regenerate when monsters are visible.
You are immune to unholy pain and torment.
You can survive without breathing.


Message History

The orc warrior looks as sick as possible!
The orc warrior is lightly wounded.
You hit the orc warrior.
The orc warrior is moderately wounded.
The orc warrior barely misses you.
You closely miss the orc warrior.
The orc warrior is moderately wounded.
You hit the orc warrior.
The orc warrior is moderately wounded.
The orc warrior hits you with a +0 glaive!!
* * * LOW HITPOINT WARNING * * *
You barely miss the orc warrior.
The orc warrior is heavily wounded.
You hit the orc warrior but do no damage.
The orc warrior looks as sick as possible!
The orc warrior is heavily wounded.
The orc warrior hits you with a +0 glaive!
* * * LOW HITPOINT WARNING * * *
The orc warrior hits you from afar with a +0 glaive!
You die...

##...................
#.........<.........
....................
........####........
........# #........
........# #........
........# #........ .
........# ....... ..
......)@####......
... #######)†......
... #o....... ...
#........ ...
#........ ...
#........ ...
######### ... ... ...


You could see an orc warrior.

Vanquished Creatures
  A hippogriff (D:7)
  A hungry ghost (D:8)
  Menkaure (Ossuary)
  Duvessa (D:4)
  An ice beast (D:8)
  3 orc warriors (D:6)
  A black bear (D:7)
  2 ogres
  A phantom (D:8)
  2 crocodiles (D:8)
  5 bullfrogs
  2 elf zombies (D:7)
  Dowan (D:3)
  5 killer bees (D:8)
  A wight (D:7)
  4 human zombies (D:7)
  A bullfrog zombie (D:5)
  A hound (D:8)
  A jelly (D:5)
  12 orc wizards
  A gnoll shaman (D:5)
  5 orc priests
  A bullfrog skeleton (D:8)
  An iguana (D:6)
  A centaur skeleton (D:4)
  A human skeleton (D:7)
  Ijyb (D:4)
  Terence (D:3)
  4 worker ants
  2 ogre zombies (D:7)
  A hound skeleton (D:7)
  5 mummies
  A worker ant zombie (D:4)
  Robin (D:4)
  5 gnolls
  15 adders
  A river rat (D:6)
  A shadow imp (D:5)
  4 worms
  2 dart slugs
  9 leopard geckos
  46 orcs
  3 ball pythons
  8 bats
  13 giant cockroaches
  5 gnoll zombies (Ossuary)
  17 goblins
  5 hobgoblins
  7 jackals
  3 quokkas
  8 frilled lizards
  5 gnoll skeletons (Ossuary)
  2 goblin skeletons (Ossuary)
  6 goblin zombies (Ossuary)
  3 hobgoblin skeletons (Ossuary)
  4 hobgoblin zombies (Ossuary)
  4 kobolds
  3 kobold skeletons (Ossuary)
  7 kobold zombies (Ossuary)
  3 orc skeletons (Ossuary)
  3 orc zombies (Ossuary)
  13 rats
  5 rat skeletons (Ossuary)
283 creatures vanquished.

Vanquished Creatures (others)
  A goblin skeleton (Ossuary)
  A hobgoblin skeleton (Ossuary)
  A kobold skeleton (Ossuary)
  An orc skeleton (Ossuary)
  4 toadstools (D:1)
8 creatures vanquished.

Grand Total: 291 creatures vanquished

Notes
Turn   | Place    | Note
-------+----------+-------------------------------------------
     0 | D:1      | Borgoz the Ghoul Assassin began the quest for the Orb.
     0 | D:1      | Reached XP level 1. HP: 17/17 MP: 0/0
    39 | D:1      | Reached skill level 1 in Dodging
   564 | D:1      | Reached XP level 2. HP: 24/25 MP: 1/1
   920 | D:1      | Reached XP level 3. HP: 20/30 MP: 2/2
  1165 | D:2      | Reached skill level 1 in Armour
  1318 | D:2      | Reached XP level 4. HP: 37/37 MP: 3/3
  1607 | D:2      | Found a deep blue altar of Sif Muna.
  1868 | D:3      | Noticed Terence
  1879 | D:3      | Killed Terence
  1879 | D:3      | Reached XP level 5. HP: 38/45 MP: 4/4
  2669 | D:3      | Reached XP level 6. HP: 24/51 MP: 5/5
  2984 | D:4      | Noticed Ijyb
  3027 | D:4      | Killed Ijyb
  3068 | D:4      | Noticed Duvessa
  3068 | D:4      | Noticed Dowan
  3075 | D:4      | Killed Duvessa
  3075 | D:4      | Reached XP level 7. HP: 59/59 MP: 6/6
  3075 | D:4      | Noticed Robin
  3108 | D:3      | Killed Dowan
  3297 | D:4      | Killed Robin
  3492 | D:4      | Reached skill level 5 in Short Blades
  3626 | D:4      | Found an iron altar of Okawaru.
  3796 | D:5      | Entered Level 5 of the Dungeon
  4016 | D:5      | Reached XP level 8. HP: 51/66 MP: 7/7
  4060 | D:5      | Found a glowing silver altar of Zin.
  4399 | D:6      | Learned a level 3 spell: Regeneration
  4403 | D:6      | Learned a level 3 spell: Vampiric Draining
  4418 | D:6      | Reached skill level 5 in Fighting
  4540 | D:6      | Found an opulent altar of Gozag.
  4543 | D:6      | Found a snail-covered altar of Cheibriados.
  4546 | D:6      | Found an ornate altar of the Wu Jian Council.
  4560 | D:6      | Found a sparkling altar of Nemelex Xobeh.
  4594 | D:6      | Got a coiled jade ring
  4643 | D:6      | Found a staircase to the Ecumenical Temple.
  4698 | Temple   | Entered the Ecumenical Temple
  4766 | Temple   | Became a worshipper of Ashenzari the Shackled
  4766 | Temple   | Identified the ring "Asmutuuch" {+Fly Str+5} (You found it
                  | on level 6 of the Dungeon)
  4939 | D:6      | Found a glowing drain.
  4978 | Sewer    | Entered a sewer
  5203 | Sewer    | Reached skill level 1 in Necromancy
  5342 | D:6      | Reached skill level 1 in Spellcasting
  5348 | D:6      | Found a runed translucent door.
  5535 | D:6      | Found Guluhusm's General Store.
  5538 | D:6      | Bought a scroll of remove curse for 42 gold pieces
  5959 | D:6      | Reached XP level 9. HP: 29/75 MP: 10/10
  6093 | D:6      | Found a roughly hewn altar of Beogh.
  6330 | D:7      | Noticed a moth of wrath
  6333 | D:7      | Found a bloodstained altar of Trog.
  6648 | D:7      | Reached * piety under Ashenzari
  6877 | D:7      | Found an ancient bone altar of Kikubaaqudgha.
  7429 | D:8      | Reached skill level 5 in Dodging
  7459 | D:8      | Reached skill level 5 in Stealth
  7488 | D:8      | Reached skill level 5 in Armour
  7521 | D:8      | Found a sand-covered staircase.
  7530 | Ossuary  | Entered an ossuary
  7858 | Ossuary  | Noticed Menkaure
  7924 | Ossuary  | Killed Menkaure
  7924 | Ossuary  | Reached XP level 10. HP: 29/83 MP: 9/13
  8488 | D:8      | Slain by an orc warrior

Skill      XL: |  1  2  3  4  5  6  7  8  9 |
---------------+----------------------------+-----
Dodging        | 1 2 3 4 5 |  5.3
Short Blades   | 2 3 4 5 6 |  6.9
Armour         | 1 2 3 4 5 |  5.2
Fighting       | 3 4 5 6 |  6.8
Necromancy     | 2 4 |  4.1
Spellcasting   | 1 3 |  3.2
Stealth        | 5 |  5.4
Throwing       | |  1.7

Action                   |  1- 3 |  4- 6 |  7- 9 | 10-12 || total
-------------------------+-------+-------+-------+-------++-------
Melee: Dagger            |   134 |    54 |  1043 |    89 ||  1320
       Rapier            |       |   206 |    14 |       ||   220
Invok: Curse Item        |       |       |     3 |       ||     3
Evoke: Wand              |       |     2 |       |       ||     2
  Use: Potion            |     1 |     2 |     2 |       ||     5
       Scroll            |       |     8 |     5 |       ||    13
 Stab: Sleeping          |     5 |     6 |     7 |       ||    18
       Paralysed         |       |     3 |       |       ||     3
       Invisible         |       |     2 |     4 |       ||     6
  Eat: Chunk             |    11 |    10 |    50 |     5 ||    76
Armor: Leather armour    |    31 |    13 |       |       ||    44
       Robe              |     1 |       |       |       ||     1
       Ring mail         |       |    65 |   307 |    23 ||   395
Dodge: Dodged            |    59 |   136 |   457 |    55 ||   707
